 Dungeon Crawl Stone Soup version 0.27-a0-1302-g7736ffe575 (webtiles) character file.

Game seed: 3240378908960254486

62787 27snakeeyes612 the Severer (level 14, -1/133 HPs)
             Began as a Minotaur Berserker on June 18, 2021.
             Was a High Priest of Trog.
             Drowned by a drowned soul (16 damage)
             ... summoned by a merfolk avatar
             ... on level 6 of the Lair of Beasts.
             The game lasted 00:19:05 (26322 turns).

27snakeeyes612 the Severer (Minotaur Berserker)    Turns: 26322, Time: 00:19:05

Health: -1/133     AC: 34    Str: 23    XL:     14   Next: 65%
Magic:  13/13      EV: 11    Int:  4    God:    Trog [*****.]
Gold:   1309       SH:  0    Dex: 11    Spells: 13/13 levels left

rFire    + . .     SeeInvis .   X - +3 broad axe (flame)
rCold    + . .     Faith    .   (no shield)
rNeg     . . .     Spirit   .   L - +7 plate armour of Agoraphobia {rPois rC+ Str-3}
rPois    +         Reflect  .   (helmet restricted)
rElec    .         Harm     .   z - +1 cloak
rCorr    .         Rampage  .   O - +0 pair of gloves
Will     +++..                  y - +1 pair of boots
Stlth    ..........             k - amulet of the acrobat
HPRegen  1.32/turn              J - ring of protection from fire
MPRegen  0.13/turn              a - +4 ring of protection

@: strong-willed, mesmerised, regenerating, studying Maces & Flails, very slow
A: horns 2, retaliatory headbutt
a: Renounce Religion, Berserk, Trog's Hand, Brothers in Arms


You were on level 6 of the Lair of Beasts.
You worshipped Trog.
Trog was extremely pleased with you.
You visited 2 branches of the dungeon, and saw 18 of its levels.

You collected 1511 gold pieces.
You spent 202 gold pieces at shops.

Inventory:

Hand Weapons
 e - a +2 antimagic executioner's axe
 t - a +1 vorpal flail
 K - a +6 executioner's axe
 T - a +4 battleaxe of flaming
 X - a +3 broad axe of flaming (weapon)
Missiles
 C - a curare-tipped dart
Armour
 b - a +0 animal skin
 u - a +0 chain mail
 y - a +1 pair of boots (worn)
 z - a +1 cloak (worn)
 L - the +7 plate armour of Agoraphobia (worn) {rPois rC+ Str-3}
   (You found it on level 10 of the Dungeon)

   It affects your strength (-3).
   It protects you from cold.
   It protects you from poison.
 O - a +0 pair of gloves (worn)
Jewellery
 a - a +4 ring of protection (right hand)
 k - an amulet of the acrobat (around neck)
 p - a ring of poison resistance
 w - a ring of fire
 x - a +6 ring of intelligence
 A - an amulet of guardian spirit
 E - a ring of magical power
 J - a ring of protection from fire (left hand)
 Q - a ring of fire
 W - a ring of positive energy
Wands
 o - a wand of digging (5)
 q - a wand of paralysis (11)
 r - a wand of iceblast (19)
 s - a wand of polymorph (34)
 B - a wand of flame (81)
 D - a wand of charming (21)
 F - a wand of acid (9) (quivered)
 H - a wand of mindburst (16)
Scrolls
 c - a scroll of enchant weapon
 d - 13 scrolls of identify
 h - a scroll of fog
 j - 2 scrolls of blinking
 U - a scroll of torment {unknown}
 V - a scroll of magic mapping
Potions
 f - 4 potions of invisibility
 g - 8 potions of curing
 i - a potion of lignification
 l - 5 potions of flight
 m - 3 potions of ambrosia {unknown}
 n - 3 potions of brilliance
 v - 2 potions of haste {unknown}
 G - a potion of cancellation {unknown}
 I - a potion of attraction
 M - a potion of magic {unknown}
 N - 3 potions of degeneration {unknown}
 P - 3 potions of resistance {unknown}
 S - 2 potions of berserk rage {unknown}
 Y - 2 potions of mutation {unknown}
 Z - a potion of might {unknown}


   Skills:
 + Level 14.9 Fighting
 + Level 16.8 Axes
 + Level 15.2 Armour
 + Level 12.3 Dodging
 - Level 3.3 Stealth
 - Level 0.4 Evocations


You had 13 spell levels left.
You didn't know any spells.
Your spell library was empty.

Dungeon Overview and Level Annotations

Branches:
Dungeon (12/15)            Temple (0/1) D:7            Lair (6/6) D:11
  Swamp (0/4) Lair:2        Snake (0/4) Lair:3        Slime (0/5) Lair:5
    Orc (0/2) D:9

Altars:
Fedhas
Kikubaaqudgha
Nemelex Xobeh
Sif Muna
Vehumet
The Shining One
Jiyva

Shops:
D:2 ?   D:4 ([?*!   D:7 *   D:11 [

Annotations:
D:4 2 runed translucent doors, semen's ghost, amateur HOFi
D:12 3 runed translucent doors, exclusion: orange crystal statue


Innate Abilities, Weirdness & Mutations

You have a pair of horns on your head.
You reflexively headbutt those who attack you in melee.


Message History

Your unstable footing causes you to fumble your attack.
The cane toad stings you but does no damage.
The drowned soul touches you. The drowned soul drowns you!
* * * LOW HITPOINT WARNING * * *
Aiming: Corrosive Bolt
Press: ? - help, Q - select action, (/) - cycle Shift-Dir - straight line, f - cane toad
Aim: a cane toad (severely wounded, 75% to hit)
The bolt of acid hits the cane toad!
The cane toad is splashed with acid.
You kill the cane toad!
Trog accepts your kill.
The merfolk avatar chants its luring song.
The drowned soul touches you. The drowned soul drowns you!
* * * LOW HITPOINT WARNING * * *
Aiming: Corrosive Bolt
Press: ? - help, Q - select action, (/) - cycle Shift-Dir - straight line, f - merfolk avatar
Aim: a merfolk avatar (water, mesmerising, 64% to hit)
The bolt of acid hits the merfolk avatar.
The merfolk avatar is splashed with acid!
The merfolk avatar is lightly wounded.
The pull of its song draws you forwards.
Aiming: Corrosive Bolt
Press: ? - help, Q - select action, (/) - cycle Shift-Dir - straight line, f/p - merfolk avatar
Aim: a merfolk avatar (water, lightly wounded, mesmerising, 64% to hit)
The bolt of acid hits the merfolk avatar.
The merfolk avatar is splashed with acid.
The acid corrodes the merfolk avatar!
The merfolk avatar is moderately wounded.
The merfolk avatar chants its luring song.
The drowned soul touches you. The drowned soul drowns you!
* * * LOW HITPOINT WARNING * * *
Okay, then.
You are too mesmerised to rage.
You barely miss the merfolk avatar.
The merfolk avatar is moderately wounded.
The merfolk avatar chants its luring song.
Your skin crawls.
You feel strong-willed.
The merfolk avatar chants its luring song.
The drowned soul touches you. The drowned soul drowns you!
You die...

#..≈##≈≈# ≈≈≈#≈#P≈≈ #≈≈##.≈#.#..
#...≈≈≈≈# ≈≈≈≈≈≈≈≈ #≈P≈≈≈.###.(
....≈≈≈≈#####.#.######≈≈≈≈.#.##.#
...≈.#≈≈#8≈≈≈≈≈≈≈≈≈≈8#≈≈.#≈≈#..#.
#P..##≈≈#≈≈≈≈≈≈≈≈≈≈≈≈#≈≈...≈..#..
....≈≈≈≈#≈≈≈≈≈≈≈≈≈≈≈≈#≈≈≈≈≈≈##...
....≈≈≈≈#≈≈≈≈"[!/≈≈#≈.≈≈≈≈≈##....
...≈##≈≈#≈≈≈≈[WW?≈≈≈≈#≈≈##..##...
##...#≈≈#≈P≈≈[≈m@≈≈≈≈.#≈##..##...
#..P≈≈≈≈#≈≈≈≈)[W=≈≈≈≈#≈≈≈≈.###...
##.≈≈≈≈≈#≈P≈≈P≈≈P≈≈≈≈#≈≈≈≈...P...
#...##≈≈#≈≈≈≈≈≈≈≈≈≈≈≈#≈≈.#≈......
#..≈##≈≈#8≈≈≈≈≈≈≈≈≈≈≈#≈≈.#...<...
#.[≈≈≈≈≈#####≈≈≈≈#####≈≈≈≈≈.....#
...≈≈≈≈≈#8≈≈≈≈≈≈≈≈≈≈.#≈≈≈≈≈.....#
...≈##≈≈#≈≈≈P≈88≈≈≈≈≈#≈≈.#......#
...≈##≈≈#≈≈≈≈≈≈≈≈≈≈P≈#≈≈.#≈..[###


You could see a merfolk avatar (mesmerising, corroded) and 3 drowned souls.

Vanquished Creatures
  6 hydras
  4 catoblepae
  2 centaur warriors
  3 death yaks (Lair:3)
  6 two-headed ogres
  2 hell knights (D:12)
  Pikel (D:5)
  A necromancer (D:12)
  3 harpies (Lair:6)
  A deep elf pyromancer (D:12)
  3 manticores
  An oklob plant (Lair:4)
  2 cyclopes
  8 black mambas
  6 elephants (Lair:6)
  A rust devil (D:12)
  2 molten gargoyles (Lair:4)
  A torpor snail (Lair:3)
  Maggie (D:6)
  15 cane toads
  An unseen horror (D:11)
  14 komodo dragons
  An efreet (D:9)
  7 rime drakes (Lair:6)
  2 trolls
  Prince Ribbit (D:5)
  10 blink frogs
  5 polar bears
  4 hornets
  Sigmund (D:2)
  A shadow (D:9)
  3 vampires
  Eustachio (D:4)
  3 wraiths
  5 wyverns
  55 yaks
  5 basilisks
  4 vampire mosquitoes (D:11)
  Menkaure (D:5)
  2 nagas (Lair:3)
  Edmund (D:5)
  3 acid dragons
  15 water moccasins
  6 hell hounds (D:12)
  2 ice beasts
  8 orc warriors
  7 black bears
  A sky beast (D:8)
  12 centaurs
  A phantom (D:5)
  16 wolves
  A kobold brigand (D:8)
  Blork the orc (D:6)
  A wyvern zombie (D:7)
  14 bullfrogs
  A gnoll sergeant (D:5)
  5 scorpions
  A water moccasin skeleton (D:5)
  A wight (D:8)
  12 killer bees
  4 electric eels (Lair:2)
  6 howler monkeys
  5 lava snakes (Lair:4)
  5 centaur zombies
  2 hounds
  3 orc priests
  Crazy Yiuf (D:5)
  2 bullfrog skeletons (D:6)
  Ijyb (D:4)
  A gnoll shaman (D:6)
  9 hell rats
  4 iguanas
  16 orc wizards
  Natasha (thrice) (D:4)
  A killer bee zombie (D:9)
  A hound skeleton (D:5)
  Robin (D:2)
  A howler monkey skeleton (D:6)
  9 adders
  6 gnolls
  2 white imps
  An ufetubus (D:4)
  4 worms
  2 dart slugs (D:1)
  22 orcs
  6 ball pythons
  3 bats (D:2)
  3 endoplasms
  4 giant cockroaches
  12 goblins
  5 hobgoblins
  2 jackals (D:1)
  11 kobolds
  2 quokkas
  A frilled lizard (D:1)
  4 rats
469 creatures vanquished.

Vanquished Creatures (collateral kills)
  A boulder beetle (D:11)
1 creature vanquished.

Vanquished Creatures (others)
  8 bushes (Lair:4)
  92 fungi
  136 plants
236 creatures vanquished.

Grand Total: 706 creatures vanquished

Notes
Turn   | Place    | Note
-------+----------+-------------------------------------------
     0 | D:1      | 27snakeeyes612 the Minotaur Berserker began the quest for
                  | the Orb.
     0 | D:1      | Reached XP level 1. HP: 19/19 MP: 0/0
   190 | D:1      | Reached skill level 4 in Axes
   191 | D:1      | Reached XP level 2. HP: 16/27 MP: 1/1
   682 | D:1      | Found a faded altar of an unknown god.
   721 | D:2      | Found Vesy's Magic Scroll Boutique.
   761 | D:2      | Reached XP level 3. HP: 28/33 MP: 2/2
   868 | D:2      | Reached ** piety under Trog
   970 | D:2      | Reached XP level 4. HP: 26/41 MP: 3/3
   973 | D:2      | Reached skill level 5 in Axes
  1191 | D:2      | Noticed Robin
  1253 | D:2      | Killed Robin
  1475 | D:2      | Noticed Sigmund
  1694 | D:2      | Killed Sigmund
  1695 | D:2      | Reached skill level 5 in Fighting
  1695 | D:2      | Reached skill level 6 in Axes
  1695 | D:2      | Reached XP level 5. HP: 48/48 MP: 4/4
  1695 | D:2      | Reached XP level 6. HP: 56/56 MP: 5/5
  2270 | D:3      | Found an ancient bone altar of Kikubaaqudgha.
  2282 | D:3      | Reached skill level 1 in Stealth
  3019 | D:4      | Noticed Eustachio
  3037 | D:4      | Killed Eustachio
  3122 | D:4      | Noticed Natasha
  3127 | D:4      | Killed Natasha
  3128 | D:4      | Reached skill level 7 in Axes
  3169 | D:4      | Found a runed translucent door.
  3170 | D:4      | Noticed semen's ghost (amateur HOFi)
  3398 | D:4      | Found Leohi's Antique Weapon Shoppe.
  3412 | D:4      | Found a runed translucent door.
  3452 | D:4      | Found Zuorghica's General Store.
  3454 | D:4      | Found Plog's Magic Scroll Shop.
  3459 | D:4      | Reached XP level 7. HP: 52/62 MP: 6/6
  3479 | D:4      | Noticed Natasha
  3493 | D:4      | Killed Natasha
  3704 | D:4      | Noticed Natasha
  3716 | D:4      | Killed Natasha
  3938 | D:4      | Noticed Ijyb
  3950 | D:4      | Killed Ijyb
  4065 | D:4      | Found Zoekhlac's Distillery.
  4106 | D:4      | Found Pigagg's Antique Armour Shoppe.
  4137 | D:5      | Entered Level 5 of the Dungeon
  4137 | D:5      | Noticed Edmund
  4150 | D:5      | Killed Edmund
  4567 | D:5      | Found a glowing golden altar of the Shining One.
  4591 | D:5      | Reached skill level 8 in Axes
  5029 | D:5      | Noticed Menkaure
  5038 | D:5      | Killed Menkaure
  5039 | D:5      | Reached XP level 8. HP: 71/71 MP: 7/7
  5139 | D:5      | Noticed Pikel
  5147 | D:5      | Killed Pikel
  5148 | D:5      | Reached skill level 9 in Axes
  5270 | D:5      | Noticed Prince Ribbit
  5271 | D:5      | Reached skill level 5 in Dodging
  5298 | D:5      | Killed Prince Ribbit
  5298 | D:5      | Reached *** piety under Trog
  5299 | D:5      | Reached skill level 10 in Axes
  5299 | D:5      | Reached XP level 9. HP: 36/79 MP: 8/8
  5312 | D:5      | Reached skill level 5 in Armour
  6188 | D:5      | Found a shimmering blue altar of Sif Muna.
  6609 | D:5      | Found a runed translucent door.
  6610 | D:5      | Noticed Crazy Yiuf
  6617 | D:5      | Killed Crazy Yiuf
  6705 | D:6      | Noticed Blork the orc
  6736 | D:6      | Killed Blork the orc
  7871 | D:6      | Noticed Maggie
  7892 | D:6      | Killed Maggie
  7892 | D:6      | Reached **** piety under Trog
  7893 | D:6      | Reached skill level 11 in Axes
  8087 | D:4      | Bought a pair of glowing boots for 202 gold pieces
  8213 | D:7      | Found a blossoming altar of Fedhas.
  8259 | D:7      | You fall into a shaft and drop 1 floor!
  8477 | D:7      | Reached XP level 10. HP: 31/90 MP: 9/9
  8528 | D:6      | HP: 2/90 [orc warrior (8)]
  9025 | D:7      | Found Arph's Assorted Antiques.
  9322 | D:7      | Found a staircase to the Ecumenical Temple.
  9992 | D:8      | Found a radiant altar of Vehumet.
 10697 | D:9      | Reached skill level 12 in Axes
 10970 | D:9      | Found a staircase to the Orcish Mines.
 11082 | D:9      | Reached skill level 10 in Armour
 11221 | D:9      | Noticed a centaur warrior
 11232 | D:9      | Killed a centaur warrior
 11354 | D:9      | Reached skill level 10 in Fighting
 11507 | D:9      | Reached XP level 11. HP: 83/99 MP: 10/10
 11961 | D:10     | Entered Level 10 of the Dungeon
 11983 | D:10     | Noticed a centaur warrior
 12003 | D:10     | Killed a centaur warrior
 12004 | D:10     | Reached skill level 13 in Axes
 12209 | D:10     | Found a sparkling altar of Nemelex Xobeh.
 12369 | D:10     | Identified the +7 plate armour of Agoraphobia {rPois rC+
                  | Str-3}
 12397 | D:10     | Noticed a two-headed ogre
 12407 | D:10     | Killed a two-headed ogre
 13181 | D:11     | Found Miapliet's Antique Armour Emporium.
 13310 | D:11     | Noticed a boulder beetle
 13497 | D:11     | Found a staircase to the Lair.
 13951 | D:11     | Noticed a two-headed ogre
 13960 | D:11     | Killed a two-headed ogre
 14184 | D:11     | Reached ***** piety under Trog
 14324 | D:11     | Noticed a two-headed ogre
 14332 | D:11     | Killed a two-headed ogre
 14333 | D:11     | Reached skill level 14 in Axes
 14387 | D:11     | Killed a boulder beetle
 14388 | D:11     | Reached XP level 12. HP: 67/110 MP: 11/11
 14699 | D:12     | Noticed a two-headed ogre
 14714 | D:12     | Killed a two-headed ogre
 15003 | D:12     | Found a runed translucent door.
 15030 | D:12     | Found a runed translucent door.
 15043 | D:12     | Found a runed translucent door.
 15063 | D:12     | Found a runed translucent door.
 15149 | D:12     | Noticed a two-headed ogre
 15160 | D:12     | Killed a two-headed ogre
 16409 | D:12     | Noticed a four-headed hydra
 16419 | D:12     | Killed a four-headed hydra
 16819 | D:12     | Noticed a two-headed ogre
 17331 | D:12     | Paralysed by a centaur for 7 turns
 17388 | D:12     | Killed a two-headed ogre
 17526 | D:12     | Found a runed translucent door.
 17552 | D:12     | Noticed a great orb of eyes
 17770 | D:12     | Noticed a death knight
 18540 | Lair:1   | Entered Level 1 of the Lair of Beasts
 18706 | Lair:1   | Reached skill level 15 in Axes
 19491 | Lair:2   | Noticed a six-headed hydra
 19499 | Lair:2   | Reached XP level 13. HP: 99/119 MP: 12/12
 19503 | Lair:2   | Reached skill level 10 in Dodging
 20488 | Lair:2   | Found a staircase to the Swamp.
 21418 | Lair:3   | Found a staircase to the Snake Pit.
 21860 | Lair:3   | Received a gift from Trog
 22715 | Lair:4   | Reached skill level 16 in Axes
 23768 | Lair:5   | Found a viscous altar of Jiyva.
 23768 | Lair:5   | Found a staircase to the Slime Pits.
 23773 | Lair:5   | Received a gift from Trog
 23789 | Lair:5   | Reached XP level 14. HP: 130/132 MP: 13/13
 23853 | Lair:5   | Identified the +8 rapier of the Dragonfly {vorpal, Dex+4}
 24375 | Lair:6   | Entered Level 6 of the Lair of Beasts
 24513 | Lair:6   | Identified the +1 robe of Areaz {rCorr Str+5 Dex+4}
 24526 | Lair:6   | HP: 2/132 [drowned by a drowned soul[a merfolk avatar]
                  | (11)]
 25428 | Lair:6   | Reached skill level 15 in Armour
 25993 | Lair:6   | Received a gift from Trog
 26322 | Lair:6   | Drowned by a drowned soul

Illustrated notes

Levels and vault maps discovered:
D:1:      ebering_trefoil_twist, layout_rooms,
          hellmonk_ecumenical_altar_heavens_door
D:2:      layout_loops_ring, serial_shops, nicolae_shop_stone,
          kennysheep_generic_room_8, uniq_sigmund, uniq_robin
D:3:      layout_basic, lemuel_tele_altar, serial_park_tiny_2,
          minmay_misc_feat_room
D:4:      layout_cave_pools, ebering_ghost_sewer_f, serial_shops,
          nicolae_shop_behind_doors, shop, nicolae_stop_n_shop_1, shop,
          kennysheep_mini_moat, uniq_natasha, uniq_eustachio, uniq_ijyb
D:5:      layout_loops_corners, tgw_sif, nicolae_tso_carved_into_rock,
          chequers_serial_rivers_micro_a, grunt_decor_junction, minmay_circle_x,
          uniq_prince_ribbit1, uniq_crazy_yiuf_cottage, uniq_edmund,
          uniq_menkaure, uniq_pikel
D:6:      layout_gridville, minmay_fractal_squares_5, uniq_maggie,
          uniq_blork_the_orc
D:7:      layout_loops_cross, fedhas_altar_3, minmay_temple_entry_slanted,
          serial_shops, shop
D:8:      layout_rooms, vehumet_crystals, minmay_manual_monstrance
D:9:      layout_long_grid, orc_0_dummy, minmay_shattered_shrine
D:10:     layout_layer_cave, nemelex_xobeh_ov_fountains_minmay
D:11:     layout_irregular_city, due_lair_maze_entry_diamond, serial_shops,
          shop, nrook_mini_vaults
D:12:     mludivico_vault, layout_basic, minmay_statue_crystal_thing
Lair:1:   layout_small_grid, columned_hall_lemuel, serial_bayou_pond_d,
          grunt_megastairs_2
Lair:2:   layout_misc_corridors, minmay_swamp_entry_eels, lemuel_fruit_tree,
          serial_bayou_shore_a, serial_bayou_shore_b, grunt_megastairs_4,
          lemuel_fruit_fields
Lair:3:   layout_layer_cave, minmay_snake_entry_guardpost_small,
          serial_bayou_shore_b
Lair:4:   cheibrodos_magma_flow, layout_concentric_octagons,
          minmay_lair_oklob_bushes, lemuel_fruit_fields
Lair:5:   layout_roguey, slime_altar_1, st_stairs_3, infiniplex_staircase_pool
Lair:6:   gammafunk_lair_ancient_temple, layout_loops_ring,
          gammafunk_ghost_cemetery

Skill      XL: |  1  2  3  4  5  6  7  8  9 10 11 12 13 14 |
---------------+-------------------------------------------+-----
Axes           | 4 6 7 8 10 11 12 14 15 16 | 16.8
Fighting       | 4 5 6 7 8 10 11 12 14 | 14.9
Dodging        | 3 4 5 6 8 9 11 12 | 12.3
Stealth        | 1 2 3 |  3.3
Armour         | 3 4 8 10 11 13 14 15 | 15.2
Evocations     | |  0.4

Action                   |  1- 3 |  4- 6 |  7- 9 | 10-12 | 13-15 || total
-------------------------+-------+-------+-------+-------+-------++-------
Melee: Hand axe          |    49 |    81 |   285 |   638 |       ||  1053
       Headbutt          |    12 |    10 |    54 |   203 |   103 ||   382
       Battleaxe         |       |       |       |   132 |   129 ||   261
       War axe           |       |       |       |    60 |       ||    60
       Flail             |       |       |       |     7 |       ||     7
       Broad axe         |       |       |       |       |   381 ||   381
Invok: Berserk           |     1 |     3 |     7 |    10 |     1 ||    22
       Trog's Hand       |     1 |     1 |       |     3 |     2 ||     7
       Brothers in Arms  |       |       |       |     1 |       ||     1
Evoke: Wand              |       |       |     4 |       |     3 ||     7
  Use: Scroll            |       |     3 |    14 |     2 |     1 ||    20
       Potion            |       |       |       |     4 |     3 ||     7
 Stab: Sleeping          |       |       |     1 |       |       ||     1
       Petrified         |       |       |       |       |     2 ||     2
Armor: Animal skin       |     7 |     9 |     3 |       |       ||    19
       Chain mail        |       |       |    96 |   169 |       ||   265
       Skin              |       |       |     3 |    48 |       ||    51
       Plate armour      |       |       |       |   388 |   412 ||   800
Dodge: Dodged            |    29 |    48 |   143 |   465 |   346 ||  1031

Table legend: (Time is in decaauts)
 A = Elapsed time spent in this place.
 B = Non-inter-level travel time spent in this place.
 C = Inter-level travel time spent in this place.
 D = Time resting spent in this place.
 E = Time spent auto-exploring this place.
 F = Levels seen in this place.
 G = Mean time per level.
                   A        B        C        D        E       F      G
               +--------+--------+--------+--------+--------+-----+--------+
         Total |  26240 |  25339 |    901 |   3873 |  18373 |  18 | 1457.8 |
       Dungeon |  18472 |  17701 |    771 |   3123 |  12453 |  12 | 1539.3 |
          Lair |   7768 |   7638 |    130 |    750 |   5920 |   6 | 1294.7 |
               +--------+--------+--------+--------+--------+-----+--------+

Top non-repeatable levels by time:
    D:12: 3560 daAuts
     D:5: 2568 daAuts
  Lair:6: 1900 daAuts
     D:6: 1832 daAuts
  Lair:3: 1627 daAuts
     D:9: 1587 daAuts
    D:11: 1481 daAuts
     D:2: 1376 daAuts
    D:10: 1371 daAuts
  Lair:4: 1245 daAuts
  Lair:1: 1214 daAuts
     D:4: 1208 daAuts
     D:7: 1048 daAuts
  Lair:2: 985 daAuts
     D:3: 972 daAuts
